 Dungeon Crawl Stone Soup version 0.27-a0-1391-g48c30b3128 (webtiles) character file.

Game seed: 16462888469587167900

5205 Delamore the Cruncher (level 10, 0/74 HPs)
             Began as a Formicid Fighter on July 1, 2021.
             Was an Initiate of Gozag.
             Slain by a troll (4 damage)
             ... on level 8 of the Dungeon.
             The game lasted 00:12:22 (11934 turns).

Delamore the Cruncher (Formicid Fighter)           Turns: 11934, Time: 00:12:22

Health: 0/74       AC: 13    Str: 24    XL:     10   Next: 91%
Magic:  10/10      EV:  9    Int:  8    God:    Gozag
Gold:   384        SH: 11    Dex: 10    Spells: 9/9 levels left

rFire    + + .     SeeInvis +   a - +1 quarterstaff
rCold    + . .     Faith    .   c - +1 kite shield
rNeg     . . .     Spirit   .   w - +4 ring mail {rF+}
rPois    .         Reflect  .   (helmet unavailable)
rElec    .         Harm     .   v - scarf {rC+ rF+}
rCorr    .         Rampage  .   x - +2 pair of gloves
Will     +....                  (no boots)
Stlth    ..........             n - amulet of magic regeneration
HPRegen  0.22/turn              (no ring)
MPRegen  0.37/turn              (no ring)

@: gold aura
A: permanent stasis, dig shafts and tunnels, antennae 3, four strong arms
a: Dig, Shaft Self, Renounce Religion, Potion Petition, Call Merchant, Bribe
Branch


You were on level 8 of the Dungeon.
You worshipped Gozag.
Gozag was aware of your devotion.
You visited 2 branches of the dungeon, and saw 10 of its levels.
You also visited: Ossuary.

You collected 975 gold pieces.
You paid 591 gold pieces to Gozag.

Inventory:

Hand Weapons
 a - a +1 quarterstaff (weapon)
Missiles
 b - 2 throwing nets
 g - 2 javelins
 k - 8 boomerangs (quivered)
 q - 5 poisoned darts
 C - 8 curare-tipped darts
Armour
 c - a +1 kite shield (worn)
 v - a scarf of resistance (worn)
 w - a +4 ring mail of fire resistance (worn)
 x - a +2 pair of gloves (worn)
 y - a +2 cloak of poison resistance
 G - a +0 plate armour of willpower
Jewellery
 n - an amulet of magic regeneration (around neck)
 o - an amulet of faith
Wands
 r - a wand of polymorph (12)
 u - a wand of flame (50)
 E - a wand of acid (2)
Scrolls
 h - a scroll of amnesia
 t - 2 scrolls of enchant armour
 z - 4 scrolls of teleportation
 D - 2 scrolls of fog
 F - a scroll of identify
Potions
 d - 3 potions of might
 e - 3 potions of flight
 f - 2 potions of heal wounds
 i - a potion of invisibility
 j - 3 potions of mutation
 l - 4 potions of lignification
 m - 2 potions of attraction
 p - 4 potions of ambrosia
 s - 5 potions of curing
 A - 2 potions of resistance
 B - a potion of haste {unknown}


   Skills:
 - Level 5.0 Fighting
 - Level 14.0 Staves
 + Level 4.5 Armour
 + Level 5.0 Shields


You had 9 spell levels left.
You didn't know any spells.
Your spell library contained the following spells:

 Spells                   Type           Power      Damage    Failure   Level
 Animate Skeleton         Necr           0%         N/A       83%         1
 Apportation              Tloc           0%         N/A       83%         1
 Corona                   Hex            0%         N/A       83%         1
 Shock                    Conj/Air       0%         1d3       83%         1
 Summon Small Mammal      Summ           0%         N/A       83%         1
 Call Imp                 Summ           0%         N/A       93%         2
 Static Discharge         Conj/Air       0%         N/A       93%         2
 Call Canine Familiar     Summ           0%         N/A       99%         3
 Summon Guardian Golem    Hex/Summ       0%         N/A       99%         3
 Airstrike                Air            0%         N/A       100%        4
 Summon Ice Beast         Ice/Summ       0%         N/A       100%        4
 Summon Lightning Spire   Summ/Air       0%         N/A       100%        4
 Lightning Bolt           Conj/Air       0%         1d11      100%        5
 Swiftness                Air            Unusable   N/A       N/A         3

Dungeon Overview and Level Annotations

Branches:
Dungeon (9/15)             Temple (1/1) D:7         Ossuary (visited)
   Lair: D:8-11         Orc: D:9-12

Altars:
Ashenzari
Dithmenos
Elyvilon
Fedhas
Gozag
Hepliaklqana
Kikubaaqudgha
Makhleb
Nemelex Xobeh
Okawaru
Qazlal
Ru
Sif Muna
Trog
Uskayaw
Vehumet
Wu Jian
Xom
Yredelemnul
Zin
The Shining One

Shops:
D:6 =   D:9 (


Innate Abilities, Weirdness & Mutations

You cannot be hasted, slowed, berserked, paralysed or teleported.
You can dig through walls and to a lower floor.
You have a pair of large antennae on your head. (SInv)
Your four strong arms can wield two-handed weapons with a shield.


Message History

Things that are here:
5 gold pieces; a +0 dagger; a potion of might
There is a stone staircase leading up here.
The troll bites you! The troll claws you.
* * * LOW HITPOINT WARNING * * *
The troll barely misses you.
You climb upwards.
There is a stone staircase leading down here.
You hit the troll.
The troll is heavily wounded.
The troll completely misses you. You block the troll's attack.
The troll claws you!
* * * LOW HITPOINT WARNING * * *
You sock the troll!
The troll is severely wounded.
The troll bites you but does no damage. You block the troll's attack.
The troll claws you.
* * * LOW HITPOINT WARNING * * *
You hit the troll.
The troll is severely wounded.
The troll is distracted by your dazzling golden aura.
You closely miss the troll.
The troll is no longer distracted by gold.
The troll shouts!
The troll is severely wounded.
You closely miss the troll.
The troll is severely wounded.
The troll barely misses you. You block the troll's attack.
The troll closely misses you.
You closely miss the troll.
The troll is severely wounded.
You block the troll's attack. The troll claws you!
* * * LOW HITPOINT WARNING * * *
The troll claws you but does no damage.
You are no longer corroded.
The troll bites you.
* * * LOW HITPOINT WARNING * * *
You block the troll's attack. The troll claws you.
You die...
Your body crumbles into a pile of gold.

###### #.....
#..... #.....
#############.....
#>T...............
#@#####+#####.....
#...........#.....
#...........'.....
#...........#.....
#...........#.....
#...........######
#...........###
#.............#
#.............#


You could see a troll.

Vanquished Creatures
  Prince Ribbit (D:6)
  6 yaks (D:8)
  A wyvern (D:8)
  A steam dragon (D:7)
  An acid dragon (D:9)
  A water moccasin (D:8)
  A sky beast (D:5)
  3 ice beasts (D:7)
  A necrophage (D:6)
  3 orc warriors
  An ogre (D:6)
  2 centaurs
  3 phantoms
  4 elf zombies (Ossuary)
  5 bullfrogs
  A kobold brigand (D:8)
  3 scorpions
  An electric eel (D:6)
  9 howler monkeys
  A bullfrog zombie (D:7)
  A human zombie (Ossuary)
  3 centaur zombies
  A hound (D:5)
  Crazy Yiuf (D:7)
  A gnoll shaman (D:7)
  4 jellies
  A centaur skeleton (D:6)
  4 orc priests
  7 orc wizards
  3 iguanas (D:5)
  A killer bee zombie (D:8)
  2 hound zombies (Ossuary)
  A hound skeleton (D:4)
  4 mummies (Ossuary)
  A howler monkey zombie (D:6)
  12 gnolls
  4 adders
  A shadow imp (D:6)
  An adder zombie (Ossuary)
  An adder skeleton (D:4)
  4 worms (D:2)
  3 dart slugs
  41 orcs
  4 ball pythons
  5 bats
  9 endoplasms
  2 giant cockroaches
  7 goblins
  13 hobgoblins
  8 jackals
  8 kobolds
  A quokka (D:3)
  A frilled lizard (D:3)
  2 goblin zombies (Ossuary)
  2 hobgoblin zombies (Ossuary)
  2 rats
215 creatures vanquished.

Vanquished Creatures (others)
  A bullfrog zombie (D:5)
  An orc priest (D:5)
  An orc (D:5)
3 creatures vanquished.

Grand Total: 218 creatures vanquished

Notes
Turn   | Place    | Note
-------+----------+-------------------------------------------
     0 | D:1      | Delamore the Formicid Fighter began the quest for the Orb.
     0 | D:1      | Reached XP level 1. HP: 18/18 MP: 1/1
   134 | D:1      | Reached XP level 2. HP: 24/24 MP: 2/2
   275 | D:1      | Found a faded altar of an unknown god.
   479 | D:1      | Reached XP level 3. HP: 28/30 MP: 3/3
  1174 | D:2      | Reached skill level 3 in Staves
  1330 | D:2      | Reached XP level 4. HP: 37/37 MP: 4/4
  1520 | D:3      | Found a hide-covered altar of Uskayaw.
  1523 | D:3      | Found a broken altar of Ashenzari.
  1527 | D:3      | Found a bloodstained altar of Trog.
  1527 | D:3      | Found a shimmering altar of Xom.
  1527 | D:3      | Found a stormy altar of Qazlal.
  1527 | D:3      | Found a burning altar of Makhleb.
  1533 | D:3      | Found a glowing silver altar of Zin.
  2021 | D:3      | Reached XP level 5. HP: 39/43 MP: 5/5
  2631 | D:3      | Reached skill level 5 in Fighting
  2805 | D:3      | Reached skill level 4 in Staves
  3034 | D:4      | Reached XP level 6. HP: 31/51 MP: 6/6
  3197 | D:4      | Reached skill level 5 in Staves
  4477 | D:4      | Reached skill level 6 in Staves
  4477 | D:4      | Reached XP level 7. HP: 43/56 MP: 7/7
  4840 | D:5      | Entered Level 5 of the Dungeon
  5202 | D:5      | Reached skill level 7 in Staves
  5365 | D:5      | Reached XP level 8. HP: 46/62 MP: 8/8
  5370 | D:5      | Reached skill level 8 in Staves
  6501 | D:5      | Reached skill level 9 in Staves
  6852 | D:6      | Found Ihavi's Jewellery Boutique.
  6855 | D:6      | Noticed Prince Ribbit
  7400 | D:6      | Reached skill level 10 in Staves
  7400 | D:6      | Reached XP level 9. HP: 37/68 MP: 9/9
  8317 | D:6      | Killed Prince Ribbit
  8570 | D:7      | Reached skill level 11 in Staves
  9014 | D:7      | Reached skill level 12 in Staves
  9187 | D:7      | Found a staircase to the Ecumenical Temple.
  9205 | Temple   | Entered the Ecumenical Temple
  9390 | Temple   | Became a worshipper of Gozag Ym Sagoz the Greedy
  9778 | D:7      | Found a runed translucent door.
  9779 | D:7      | Noticed Crazy Yiuf
  9800 | D:7      | Killed Crazy Yiuf
 10056 | D:8      | Found a sand-covered staircase.
 10065 | Ossuary  | Entered an ossuary
 10087 | Ossuary  | Reached XP level 10. HP: 58/74 MP: 10/10
 10655 | D:8      | Reached skill level 13 in Staves
 11316 | D:8      | Reached skill level 14 in Staves
 11913 | D:9      | Reached skill level 5 in Shields
 11934 | D:8      | Slain by a troll

Illustrated notes

Levels and vault maps discovered:
D:1:      scummos_arrival_simple_fountains, layout_rooms,
          shapermc_ecumenical_altar_notcrosses, minmay_misc_feat_rows
D:2:      layout_basic
D:3:      layout_rooms, minitemple, minmay_pentangle
D:4:      layout_cave_pods, eino_small_chamber_without_monster,
          minmay_box_of_dots
D:5:      layout_loops_ring, lemuel_flame_loot_1
D:6:      layout_basic, serial_shops, shop, corexii_checkpoint_b,
          corexii_leaking_fountain, amcnicky_mini_pool_medium,
          uniq_prince_ribbit1
D:7:      layout_loops_cross, minmay_temple_entry_offerings,
          uniq_crazy_yiuf_cottage
D:8:      layout_basic, nicolae_ossuary_entry_ruins, blue_anna_alchemist
D:9:      layout_cave_pools, hellmonk_ghost_happy_afterlife,
          minmay_chambers_of_fives
Temple:   eino_narrow_crystal_temple

Skill      XL: |  1  2  3  4  5  6  7  8  9 10 |
---------------+-------------------------------+-----
Fighting       | 4 5 |  5.0
Staves         | 3 4 6 7 10 12 14 | 14.0
Shields        | 5 |  5.0
Armour         | 4 |  4.5

Action                   |  1- 3 |  4- 6 |  7- 9 | 10-12 || total
-------------------------+-------+-------+-------+-------++-------
Melee: Quarterstaff      |    79 |   193 |   399 |   298 ||   969
Throw: Boomerang         |       |     9 |    29 |       ||    38
       Javelin           |       |     4 |     6 |       ||    10
       Dart              |       |       |    15 |       ||    15
       Throwing net      |       |       |     1 |       ||     1
Invok: Call Merchant     |       |       |       |     1 ||     1
 Abil: Dig               |     2 |     2 |     1 |     1 ||     6
Evoke: Wand              |       |       |     2 |       ||     2
  Use: Scroll            |     5 |     6 |     6 |     1 ||    18
       Potion            |       |       |     2 |       ||     2
 Stab: Distracted        |       |       |       |     1 ||     1
Armor: Scale mail        |    24 |    72 |    12 |       ||   108
       Ring mail         |       |       |   143 |   186 ||   329
Dodge: Dodged            |    17 |    73 |   115 |   124 ||   329
Block: Kite shield       |    42 |   120 |   221 |   231 ||   614

Table legend: (Time is in decaauts)
 A = Elapsed time spent in this place.
 B = Non-inter-level travel time spent in this place.
 C = Inter-level travel time spent in this place.
 D = Time resting spent in this place.
 E = Time spent auto-exploring this place.
 F = Levels seen in this place.
 G = Mean time per level.
                   A        B        C        D        E       F      G
               +--------+--------+--------+--------+--------+-----+--------+
         Total |  12000 |  11496 |    504 |   3726 |   5682 |  11 | 1090.9 |
       Dungeon |  11250 |  10785 |    465 |   3483 |   5367 |   9 | 1250.0 |
        Temple |    200 |    161 |     39 |      0 |    159 |   1 |  200.0 |
       Ossuary |    549 |    549 |      0 |    243 |    156 |   1 |  549.0 |
               +--------+--------+--------+--------+--------+-----+--------+

Top non-repeatable levels by time:
     D:6: 1852 daAuts
     D:5: 1822 daAuts
     D:4: 1805 daAuts
     D:7: 1596 daAuts
     D:2: 1356 daAuts
     D:3: 1143 daAuts
     D:8: 891 daAuts
     D:1: 671 daAuts
 Ossuary: 549 daAuts
  Temple: 200 daAuts
     D:9: 111 daAuts
